 Dungeon Crawl Stone Soup version 0.17.0-23-g0de4337 (console) character file.

4 gw the Scratcher (level 1, -1/10 HPs)
             Began as a Felid Monk on Nov 14, 2015.
             Slain by a kobold (3 damage)
             ... on level 1 of the Dungeon.
             The game lasted 00:00:14 (147 turns).

gw the Scratcher (Felid Monk)                        Turns: 147, Time: 00:00:14

Health: -1/10      AC:  1    Str:  7    XL:     1   Next: 58%
Magic:  2/2        EV: 20    Int: 11    God:
Gold:   21         SH:  0    Dex: 18    Spells: 0 memorised, 0 levels left
                                        Lives:  0   Deaths: 0

rFire  . . .     SeeInvis +       - Unarmed
rCold  . . .     Clarity  .     (armour unavailable)
rNeg   . . .     SustAt   .     (shield unavailable)
rPois  .         Gourm    .     (helmet unavailable)
rElec  .         Spirit   .     (cloak unavailable)
rCorr  .         Warding  .     (gloves unavailable)
rMut   .         Stasis   .     (boots unavailable)
MR     .....                    (no amulet)
Stlth  +++.......               (no ring)
                                (no ring)

@: quick, not resistant to hostile enchantments, fairly stealthy
A: no armour, no weapons or thrown items, claws 1, fangs 3, see invisible,
carnivore 3, speed 1, shaggy fur 1, slow metabolism 1, sharp paws
a: no special abilities


You were on level 1 of the Dungeon.
You were not hungry.

You visited 1 branch of the dungeon, and saw 1 of its levels.

You collected 21 gold pieces.

Inventory:

Comestibles
 a - a meat ration


   Skills:
 + Level 3.1 Fighting
 + Level 4.1 Dodging
 - Level 2.6 Stealth
 * Level 4.1 Unarmed Combat


You couldn't memorise any spells.
You didn't know any spells.

Dungeon Overview and Level Annotations

Branches:
Dungeon (1/15)

Altars:


Innate Abilities, Weirdness & Mutations

You cannot wear armour.
You are incapable of wielding weapons or throwing items.
You have sharp claws.
You have razor-sharp teeth.
You have supernaturally acute eyesight.
You are carnivorous and can eat meat at any time.
You cover ground quickly.
You are covered in fur (AC +1).
You have a slow metabolism.
Your sharp claws are effective at attacking unaware monsters.


Message History

ATTACK MOVE TO (-1,0)
You scratch the hobgoblin.
The hobgoblin is heavily wounded.
The giant newt misses you. The hobgoblin barely misses you.
The kobold misses you.
ATTACK MOVE TO (-1,0)
You scratch the hobgoblin.
You kill the hobgoblin!
The giant newt completely misses you. The kobold barely misses you.
ATTACK MOVE TO (1,0)
You scratch the giant newt.
You kill the giant newt!
The kobold misses you.
ATTACK MOVE TO (1,1)
You closely miss the kobold. The kobold completely misses you.
ATTACK MOVE TO (1,1)
You scratch the kobold but do no damage.
ATTACK MOVE TO (1,1)
You closely miss the kobold. The kobold hits you.
You die...

....####### .......#
##+#.#.# ##.#.#.######
#........[..#
#..########.#
.........##. #
..######.##.#+#####.####
.............>(.h%......
#.######.##....).K......
#..# #.##.............
#..## #..).............
#...# ####.............
#.#.## #.............
#.#..# #.............
.[##.## #.############
####..# #........


You could see a kobold.

Table legend:
 A = Turns spent in this place as a percentage of turns spent in the entire game.
 B = Non-inter-level travel turns spent in this place as a percentage of non-inter-level travel turns spent in the entire game.
 C = Inter-level travel turns spent in this place as a percentage of turns spent in this place.
 D = Turns resting spent in this place as a percentage of non-inter-level travel turns spent in this place.
 E = Turns spent auto-exploring this place as a percentage of non-inter-level travel turns spent in this place.
 F = Non-inter-level travel turns spent in this place divided by the number of levels of this place that you've seen.
                   A       B       C       D       E      F
               +-------+-------+-------+-------+-------+----------------------
         Total | 100.0 | 100.0 |   0.0 |   0.0 |   3.0 | 363.0
       Dungeon | 100.0 | 100.0 |   0.0 |   0.0 |   3.0 | 363.0
               +-------+-------+-------+-------+-------+----------------------

Table legend:
 A = Kills in this place as a percentage of kills in entire the game.
 B = Kills by you in this place as a percentage of kills by you in the entire game.
 C = Kills by friends in this place as a percentage of kills by friends in the entire game.
 D = Other kills in this place as a percentage of other kills in the entire game.
 E = Experience gained in this place as a percentage of experience gained in the entire game.
 F = Experience gained in this place divided by the number of levels of this place that you have seen.
                   A       B       C       D       E      F
               +-------+-------+-------+-------+-------+----------------------
         Total | 100.0 | 100.0 |  -nan |  -nan | 100.0 |   7.0
       Dungeon | 100.0 | 100.0 |  -nan |  -nan | 100.0 |   7.0
               +-------+-------+-------+-------+-------+----------------------

Vanquished Creatures
  2 hobgoblins (D:1)
  A ball python (D:1)
  A giant newt (D:1)
  A kobold (D:1)
5 creatures vanquished.

Notes
Turn   | Place    | Note
--------------------------------------------------------------
     0 | D:1      | gw the Felid Monk began the quest for the Orb.
     0 | D:1      | Reached XP level 1. HP: 10/10 MP: 2/2
     6 | D:1      | Noticed a salamander
     6 | D:1      | Noticed a five-headed hydra
     7 | D:1      | Noticed a hog
   147 | D:1      | Slain by a kobold

Action                   || total
-------------------------++-------
Melee: Unarmed           ||    16
 Stab: Sleeping          ||     1

Vault maps used:
D:1:      onia_arrival_zoo_common, hangedman_decor_diamond_cutter
